 Dungeon Crawl Stone Soup version 0.27-a0-156-gbcd94eb011 (webtiles) character file.

Game seed: 2063270193029513567

49 dickylongcocking the Chiller (level 3, 0/26 HPs)
             Began as a Merfolk Ice Elementalist on Jan 28, 2021.
             Slain by Terence
             ... wielding a +0 vorpal trident
              (1 damage)
             ... on level 2 of the Dungeon.
             The game lasted 00:01:15 (1321 turns).

dickylongcocking the Chiller (MfIE)                 Turns: 1321, Time: 00:01:16

Health: 0/26       AC:  2    Str:  8    XL:     3   Next: 77%
Magic:  3/6        EV: 13    Int: 15    God:
Gold:   81         SH:  0    Dex: 14    Spells: 2/6 levels left

rFire    . . .     SeeInvis .   b - +1 dagger (venom)
rCold    . . .     Faith    .   (no shield)
rNeg     . . .     Spirit   .   a - +0 robe
rPois    .         Reflect  .   (no helmet)
rElec    .         Harm     .   (no cloak)
rCorr    .         Rampage  .   (no gloves)
Will     .....                  (no boots)
Stlth    ++........             (no amulet)
HPRegen  0.08/turn              (no ring)
MPRegen  0.10/turn              (no ring)

@: no status effects
A: change form in water, swift swim, stealthy swim
a: no special abilities


You were on level 2 of the Dungeon.
You visited 1 branch of the dungeon, and saw 2 of its levels.

You collected 81 gold pieces.

Inventory:

Hand Weapons
 b - a +1 dagger of venom (weapon)
Armour
 a - a +0 robe (worn)
Potions
 c - a potion of heal wounds {unknown}


   Skills:
 * Level 1.6 Fighting
 - Level 2.7 Dodging
 - Level 2.2 Stealth
 - Level 2.0 Spellcasting
 * Level 5.5 Ice Magic


You had 2 spell levels left.
You knew the following spells:

 Your Spells              Type           Power        Failure   Level
a - Freeze                Ice            72%          2%          1
f - Frozen Ramparts       Ice            36%          7%          3

Your spell library contained the following spells:

 Spells                   Type           Power        Failure   Level
 Ozocubu's Armour         Ice            18%          7%          3
 Hailstorm                Conj/Ice       9%           56%         4
 Summon Ice Beast         Ice/Summ       9%           56%         4


Dungeon Overview and Level Annotations

Branches:
Dungeon (2/15)

Altars:

Annotations:
D:2 Terence


Message History

You aren't carrying any items that you can evoke.
Unknown command.
Okay, then.
The wall freezes Terence.
Terence hits you from afar with a +0 vorpal trident!
Unknown command.
The wall freezes Terence.
Terence screams, "I want your blood!" Terence closely misses you.
Unknown command.
Unknown command.
The wall freezes Terence.
Terence closely misses you.
Unknown command.
The wall freezes Terence.
Terence hits you from afar with a +0 vorpal trident.
Unknown command.
The frozen ramparts melt away.
Terence hits you from afar with a +0 vorpal trident!
* * * LOW HITPOINT WARNING * * *
You die...

#.#..#..##......#.....#
##.#..#..##....#.#.....#
#..#.............#.....#
##...............(.....#
#.......†.....<........#
#......................#
##...###.##..#.....#...#
#...###.##..#.........#
........@.@........#...#
#.##..####(#.......#.#...#
.. ... ..................
.
##...........#..##.#.....
#...##.##..$#..# ##.# ..
#. #...#..# . #. #...# .#
#. #...#


You could see Terence.

Vanquished Creatures
  An adder (D:2)
  An ooze (D:1)
  2 dart slugs (D:1)
  A leopard gecko (D:1)
  2 giant cockroaches
  5 goblins
  3 hobgoblins (D:1)
  4 bats (D:1)
  A frilled lizard (D:1)
  5 kobolds (D:1)
  5 rats (D:1)
30 creatures vanquished.

Notes
Turn   | Place    | Note
-------+----------+-------------------------------------------
     0 | D:1      | dickylongcocking the Merfolk Ice Elementalist began the
                  | quest for the Orb.
     0 | D:1      | Reached XP level 1. HP: 13/13 MP: 3/3
   205 | D:1      | Reached XP level 2. HP: 19/19 MP: 1/5
   301 | D:1      | Reached skill level 5 in Ice Magic
   648 | D:1      | Reached XP level 3. HP: 15/25 MP: 6/6
   788 | D:1      | Reached skill level 1 in Fighting
  1287 | D:2      | Noticed Terence
  1307 | D:1      | Learned a level 3 spell: Frozen Ramparts
  1321 | D:2      | HP: 1/26 [Terence/+0 vorpal trident (9)]
  1321 | D:2      | Slain by Terence

Illustrated notes

Levels and vault maps discovered:
D:1:      lemuel_arrival_broad_hall, layout_rooms
D:2:      layout_basic, nicolae_overflow_hidden_temple, minmay_pentomino_o2,
          uniq_terence

Skill      XL: |  1  2  3 |
---------------+----------+-----
Ice Magic      | 5 |  5.5
Fighting       | 1 |  1.6
Dodging        | |  2.7
Stealth        | |  2.2
Spellcasting   | |  2.0

Action                   || total
-------------------------++-------
Melee: Unarmed           ||     2
       Dagger            ||    65
 Cast: Freeze            ||    11
       Frozen Ramparts   ||     1
 Stab: Distracted        ||     1
       Sleeping          ||     1
Armor: Robe              ||    16
Dodge: Dodged            ||    58

Table legend: (Time is in decaauts)
 A = Elapsed time spent in this place.
 B = Non-inter-level travel time spent in this place.
 C = Inter-level travel time spent in this place.
 D = Time resting spent in this place.
 E = Time spent auto-exploring this place.
 F = Levels seen in this place.
 G = Mean time per level.
                   A        B        C        D        E       F      G
               +--------+--------+--------+--------+--------+-----+--------+
         Total |   1321 |   1316 |      5 |    142 |    941 |   2 |  660.5 |
       Dungeon |   1321 |   1316 |      5 |    142 |    941 |   2 |  660.5 |
               +--------+--------+--------+--------+--------+-----+--------+

Top non-repeatable levels by time:
     D:1: 1129 daAuts
     D:2: 192 daAuts
